 Dungeon Crawl Stone Soup version 0.30.1-3-gfc49f6343a (webtiles) character file.

Game seed: 4411128895785776121

67190 spardeous the Thaumaturge (level 14, 0/116 HPs)
             Began as a Demigod Conjurer on Aug 3, 2023.
             Slain by a boulder beetle (24 damage)
             ... on level 14 of the Dungeon.
             The game lasted 00:51:24 (25976 turns).

spardeous the Thaumaturge (Demigod Conjurer)       Turns: 25976, Time: 00:51:24

Health: 0/116      AC: 12    Str: 20    XL:     14   Next: 42%
Magic:  0/42       EV: 10    Int: 35    God:
Gold:   869        SH:  0    Dex:  8    Spells: 6/34 levels left

rFire   . . .        y - +0 sling of the Bespelling Sybil {flame, Fly rC++ Int+3 Dex-4}
rCold   + + +        (no shield)
rNeg    + . .        s - +2 scale mail "Kuadut" {rN+ rCorr Str-2 Int+4}
rPois   .            p - +0 hat "Dujuj" {rC+ Stlth+}
rElec   .            (no cloak)
rCorr   +            w - +0 pair of gloves
SInv    .            I - +0 pair of boots {Fly}
Will    +....        Q - amulet of magic regeneration
Stlth   +            c - +6 ring of strength
HPRegen 0.39/turn    m - ring of magical power
MPRegen 0.68/turn

%: no passive effects
@: flying, very slightly contaminated
A: high MP 1, forlorn, divine attributes
a: no special abilities


You were on level 14 of the Dungeon.
You visited 2 branches of the dungeon, and saw 19 of its levels.
You also visited: Bailey.

You collected 2157 gold pieces.
You spent 1288 gold pieces at shops.

Inventory:

Hand Weapons
 y - the +0 sling of the Bespelling Sybil (weapon) {flame, Fly rC++ Int+3 Dex-4}
   (You found it on level 5 of the Dungeon)

   Int:       It affects your intelligence (+3).
   Dex:       It affects your dexterity (-4).
   rC:        It greatly protects you from cold.
   Fly:       It grants you flight.
Armour
 p - the +0 hat "Dujuj" (worn) {rC+ Stlth+}
   (You found it on level 2 of the Dungeon)

   rC:        It protects you from cold.
   Stlth:     It makes you more stealthy.
 s - the +2 scale mail "Kuadut" (worn) {rN+ rCorr Str-2 Int+4}
   (You found it on level 3 of the Dungeon)

   Str:       It affects your strength (-2).
   Int:       It affects your intelligence (+4).
   rN:        It protects you from negative energy.
   rCorr:     It protects you from acid and corrosion.
 w - a +0 pair of gloves (worn)
 I - a +0 pair of boots of flying (worn)
 T - a +0 buckler
Jewellery
 c - a +6 ring of strength (left hand)
 m - a ring of magical power (right hand)
 B - a ring of positive energy
 O - a ring of poison resistance
 Q - an amulet of magic regeneration (around neck)
 S - a ring of protection from fire
 Y - an amulet of reflection
Wands
 e - a wand of flame (45)
 x - a wand of acid (7)
 F - a wand of mindburst (12)
 H - a wand of polymorph (4)
 V - a wand of iceblast (6)
Scrolls
 d - 8 scrolls of identify
 f - 7 scrolls of vulnerability
 g - 7 scrolls of teleportation
 i - a scroll of noise
 o - 3 scrolls of enchant armour
 q - a scroll of fog
 r - 2 scrolls of enchant weapon
 t - 4 scrolls of brand weapon
 C - 2 scrolls of fear
 D - 2 scrolls of amnesia
 M - 5 scrolls of blinking
 N - 2 scrolls of torment
 P - 4 scrolls of poison
 X - 2 scrolls of magic mapping
Potions
 a - 3 potions of invisibility
 b - 4 potions of magic
 j - a potion of resistance
 k - 4 potions of attraction
 l - 5 potions of haste
 n - 11 potions of flight
 u - a potion of ambrosia
 v - 2 potions of berserk rage
 z - 7 potions of brilliance
 A - a potion of mutation
 E - 7 potions of curing
 G - 2 potions of degeneration
 L - 5 potions of cancellation
 W - 3 potions of might
 Z - 4 potions of lignification
Miscellaneous
 K - a box of beasts


   Skills:
 - Level 8.3 Fighting
 + Level 8.2 Armour
 - Level 1.7 Dodging
 - Level 1.7 Stealth
 + Level 2.8 Shields
 - Level 10.5 Spellcasting
 - Level 10.0 Conjurations
 - Level 8.4 Necromancy
 - Level 10.3 Translocations
 - Level 6.3 Transmutations
 - Level 6.3 Earth Magic


You had 6 spell levels left.
You knew the following spells:

 Your Spells              Type           Power      Damage    Failure   Level
a - Magic Dart            Conj           100%       1d8       1%          1
b - Searing Ray           Conj           100%       2d8       1%          2
c - Iskenderun's Mystic   Conj/Tloc      74%        2d15      1%          4
d - Statue Form           Tmut/Erth      38%        N/A       54%         6
e - Borgnjor's Vile Clut  Necr/Erth      31%        N/A       8%          5
f - Leda's Liquefaction   Hex/Erth       20%        N/A       16%         4
g - Iron Shot             Conj/Erth      33%        9d7       30%         6

Your spell library contained the following spells:

 Spells                   Type           Power      Damage    Failure   Level
 Necrotise                Necr           100%       1d9       1%          1
 Passwall                 Tmut/Erth      48%        N/A       1%          2
 Portal Projectile        Hex/Tloc       100%       N/A       1%          3
 Vampiric Draining        Necr           67%        2d10      1%          3
 Volatile Blastmotes      Fire/Tloc      100%       2d18      1%          3
 Dazzling Flash           Conj/Hex       100%       N/A       2%          3
 Agony                    Necr           67%        N/A       4%          5
 Ignite Poison            Fire/Tmut/Pois 33%        N/A       7%          3
 Fulminant Prism          Conj/Hex       26%        3d14      8%          4
 Sticky Flame             Conj/Fire      52%        2d7       8%          4
 Ensorcelled Hibernation  Hex/Ice        36%        N/A       9%          2
 Blade Hands              Tmut           29%        N/A       12%         5
 Animate Armour           Summ/Erth      80%        N/A       16%         4
 Swiftness                Air            18%        N/A       17%         3
 Tukima's Dance           Hex            18%        N/A       17%         3
 Olgreb's Toxic Radiance  Pois           18%        N/A       50%         4
 Summon Ice Beast         Ice/Summ       18%        N/A       50%         4
 Summon Lightning Spire   Summ/Air       18%        N/A       50%         4
 Starburst                Conj/Fire      26%        6d8       75%         6
 Ignition                 Fire           9%         3d5       100%        8
 Lehudib's Crystal Spear  Conj/Erth      33%        10d8      100%        8
 Shatter                  Erth           29%        3d24*     100%        9


Dungeon Overview and Level Annotations

Branches:
Dungeon (14/15)            Temple (0/1) D:7            Lair (5/5) D:9
 Shoals (0/4) Lair:3       Spider (0/4) Lair:3        Slime (0/5) Lair:5
    Orc (0/2) D:10         Vaults (0/5) D:13         Bailey (visited)

Shops:
D:4 :   D:6 (   D:8 !   D:9 (   D:10 (   D:14 *


Innate Abilities, Weirdness & Mutations

You have an increased reservoir of magic. (+10% MP)
You shall have no god before yourself.
Your divine heritage dramatically boosts your attributes as you level up.


Message History

The boulder beetle struggles to escape constriction.
The boulder beetle escapes!
Casting: Borgnjor's Vile Clutch (dangerous; 8% risk of failure)
Confirm with . or Enter, or press ? or * to list all spells.
Aiming: Borgnjor's Vile Clutch (dangerous; 8% risk of failure)
Press: ? - help, Shift-Dir - straight line, f/p - boulder beetle
Aim: a boulder beetle (severely wounded, rolling, 100% to hit)
Zombie hands grab the boulder beetle.
The zombie hands constrict the boulder beetle!
The boulder beetle escapes!
Unknown command.
You now have 2/42 mp.
Casting: Borgnjor's Vile Clutch (dangerous; 8% risk of failure)
Confirm with . or Enter, or press ? or * to list all spells.
You don't have enough magic to cast this spell.
Unknown command.
Unknown command.
Casting: Borgnjor's Vile Clutch (dangerous; 8% risk of failure)
Confirm with . or Enter, or press ? or * to list all spells.
Okay, then.
Okay, then.
You feel much better. The boulder beetle hits you!!
* * * LOW HITPOINT WARNING * * *
The boulder beetle stops rolling and uncurls.
The boulder beetle attacks as you move away!
The boulder beetle bites you!
* * * LOW HITPOINT WARNING * * *
The boulder beetle curls into a ball and begins rolling!
You take 12 damage, and have 23/116 hp.
Casting: Borgnjor's Vile Clutch (dangerous; 8% risk of failure)
Confirm with . or Enter, or press ? or * to list all spells.
You don't have enough magic to cast this spell.
Unknown command.
Casting: Borgnjor's Vile Clutch (dangerous; 8% risk of failure)
Confirm with . or Enter, or press ? or * to list all spells.
You erupt in a blast of force!
The mystic blast hits the boulder beetle but does no damage.
The boulder beetle is almost dead.
The boulder beetle hits you!!
You die...

#.)..#######
#....#######
#..........####+
+...............
#...............
#..............
#......○...###
#.......B..#
#........@.#
#..........#
#####......# #.#
#......# #.#
#......# #.#
#####..# #.#
##.## #.# #..#
#(#
##.###.##########


You could see a boulder beetle (rolling).

Vanquished Creatures
  2 fire dragons
  Fannar (Lair:1)
  7 hydras
  Erica (D:11)
  A catoblepas (Lair:5)
  2 centaur warriors
  A boulder beetle (Lair:4)
  3 two-headed ogres
  A deep troll shaman (Lair:5)
  15 death yaks
  4 skeletal warriors (D:13)
  A deep troll (D:13)
  An ugly thing (D:12)
  A deep elf pyromancer (D:12)
  Pikel (D:4)
  A manticore (D:12)
  4 cyclopes
  A manticore (shapeshifter) (D:13)
  4 elephants (Lair:5)
  6 black mambas
  A gargoyle (D:12)
  4 torpor snails
  12 cane toads
  A yaktaur (shapeshifter) (D:13)
  9 komodo dragons
  A rime drake (Lair:5)
  A kobold demonologist (D:13)
  6 trolls
  A hornet (Lair:2)
  A meliai (shapeshifter) (D:13)
  A meliai (Lair:3)
  6 polar bears
  5 dream sheep (Lair:5)
  15 slime creatures
  89 yaks
  2 shadows
  A wraith (D:13)
  5 wyverns
  A fire elemental (Lair:4)
  2 vampires
  A basilisk (Lair:3)
  2 fire bats (Lair:4)
  Grum (D:11)
  A steam dragon (D:8)
  Edmund (D:6)
  2 vampire mosquitoes (D:12)
  12 water moccasins
  Duvessa (D:4)
  7 orc warriors
  An ogre (D:6)
  20 wolves
  9 centaurs
  3 lemures (D:4)
  A kobold brigand (D:11)
  10 bullfrogs
  2 gnoll sergeants
  A scorpion (D:5)
  5 wights (D:7)
  Dowan (D:4)
  25 killer bees
  3 howler monkeys
  A lava snake (Lair:4)
  An electric eel (D:8)
  3 orc priests
  2 hounds (D:6)
  15 jellies
  A sleepcap (D:6)
  Natasha (thrice) (D:2)
  An iguana (D:5)
  9 orc wizards
  2 adders (D:5)
  20 gnolls
  3 worms
  2 dart slugs
  33 orcs
  11 endoplasms
  2 giant cockroaches
  12 goblins
  11 hobgoblins
  10 jackals
  3 quokkas
  9 ball pythons
  6 bats
  4 frilled lizards
  24 kobolds
  2 rats
  A butterfly (Lair:4)
522 creatures vanquished.

Vanquished Creatures (others)
  A fire vortex (Lair:4)
1 creature vanquished.

Grand Total: 523 creatures vanquished

Notes
Turn   | Place    | Note
-------+----------+-------------------------------------------
     0 | D:1      | spardeous the Demigod Conjurer began the quest for the Orb.
     0 | D:1      | Reached XP level 1. HP: 14/14 MP: 5/5
   344 | D:1      | Reached XP level 2. HP: 20/20 MP: 4/7
  1129 | D:2      | Identified the +0 hat "Dujuj" {rC+ Stlth+}
  1234 | D:2      | Learned a level 2 spell: Searing Ray
  1464 | D:2      | Reached XP level 3. HP: 26/26 MP: 6/9
  1731 | D:2      | Noticed Natasha
  1736 | D:2      | Killed Natasha
  2005 | D:2      | Noticed Natasha
  2009 | D:2      | Killed Natasha
  2010 | D:2      | Reached XP level 4. HP: 33/33 MP: 5/11
  2171 | D:2      | Noticed Natasha
  2177 | D:2      | Killed Natasha
  2354 | D:3      | Reached XP level 5. HP: 38/38 MP: 2/13
  2443 | D:3      | Reached skill level 5 in Conjurations
  2873 | D:3      | Identified the +2 scale mail "Kuadut" {rN+ rCorr Str-2
                  | Int+4}
  3209 | D:3      | Learned a level 4 spell: Iskenderun's Mystic Blast
  4144 | D:4      | Noticed Pikel
  4162 | D:4      | HP: 1/38 [Pikel/puff of flame (10)]
  4163 | D:4      | Killed Pikel
  4164 | D:4      | Reached skill level 5 in Spellcasting
  4164 | D:4      | Reached XP level 6. HP: 2/45 MP: 8/17
  4164 | D:4      | Reached XP level 7. HP: 2/50 MP: 8/18
  4534 | D:4      | Found Qoamn's Tremendous Tomes.
  4802 | D:4      | Learned a level 4 spell: Fulminant Prism
  4842 | D:4      | Noticed Duvessa
  4842 | D:4      | Noticed Dowan
  4860 | D:4      | Killed Duvessa
  4861 | D:4      | Reached skill level 1 in Translocations
  4867 | D:4      | Killed Dowan
  5368 | D:5      | Entered Level 5 of the Dungeon
  5529 | D:5      | Identified the +0 sling of the Bespelling Sybil {flame, Fly
                  | rC++ Int+3 Dex-4}
  6232 | D:6      | Noticed Edmund
  6234 | D:6      | Reached XP level 8. HP: 57/57 MP: 20/20
  6439 | D:6      | Killed Edmund
  6567 | D:6      | Found Sefetz's Weapon Boutique.
  7639 | D:7      | Found a staircase to the Ecumenical Temple.
  7680 | D:7      | Found a flagged portal.
  7694 | Bailey   | Entered a bailey
  8542 | D:7      | Reached XP level 9. HP: 38/62 MP: 23/23
  9503 | D:8      | Reached skill level 5 in Translocations
 10664 | D:8      | Found Milorph Erghu's Distillery.
 10857 | D:4      | Bought Roxanne's Parchment of Lithomancy for 1028 gold
                  | pieces
 10868 | D:4      | Learned a level 6 spell: Statue Form
 10874 | D:4      | Learned a level 5 spell: Borgnjor's Vile Clutch
 11050 | D:8      | Bought a potion of heal wounds for 65 gold pieces
 11050 | D:8      | Bought a potion of brilliance for 52 gold pieces
 11050 | D:8      | Bought a potion of attraction for 39 gold pieces
 11050 | D:8      | Bought a potion of invisibility for 104 gold pieces
 11644 | D:9      | Found Ypoas's Antique Weapon Boutique.
 11648 | D:9      | Reached XP level 10. HP: 60/69 MP: 19/26
 12164 | D:9      | Found a staircase to the Lair.
 12463 | D:9      | Reached skill level 10 in Conjurations
 12725 | D:10     | Entered Level 10 of the Dungeon
 13021 | D:10     | Found a staircase to the Orcish Mines.
 13202 | D:10     | Found Xuriyjuc's Antique Weapon Boutique.
 13307 | D:10     | Reached XP level 11. HP: 74/74 MP: 13/29
 13850 | D:11     | Noticed Erica
 13865 | D:11     | Killed Erica
 13909 | D:11     | Noticed a two-headed ogre
 13919 | D:11     | Killed a two-headed ogre
 13952 | D:11     | Reached skill level 10 in Spellcasting
 14430 | D:11     | Noticed Grum
 14437 | D:11     | Killed Grum
 15047 | D:12     | Reached skill level 10 in Translocations
 15195 | D:12     | Noticed a centaur warrior
 15214 | D:12     | Killed a centaur warrior
 15215 | D:12     | Reached skill level 1 in Fighting
 15457 | D:12     | Noticed a two-headed ogre
 15468 | D:12     | Killed a two-headed ogre
 15990 | D:12     | Noticed a deep elf pyromancer
 16016 | D:12     | Killed a deep elf pyromancer
 16017 | D:12     | Reached skill level 5 in Fighting
 16273 | Lair:1   | Entered Level 1 of the Lair of Beasts
 16282 | Lair:1   | Learned a level 4 spell: Leda's Liquefaction
 16289 | Lair:1   | Learned a level 6 spell: Iron Shot
 16300 | Lair:1   | Noticed Fannar
 16310 | Lair:1   | Reached XP level 12. HP: 85/96 MP: 31/31
 16427 | Lair:1   | Killed Fannar
 16794 | Lair:1   | Reached skill level 1 in Necromancy
 17175 | Lair:2   | Reached skill level 5 in Necromancy
 17579 | Lair:2   | Noticed a seven-headed hydra
 17589 | Lair:2   | Killed a seven-headed hydra
 18587 | Lair:3   | Noticed a five-headed hydra
 18601 | Lair:3   | Killed a five-headed hydra
 18669 | Lair:3   | Found a staircase to the Shoals.
 18730 | Lair:3   | Reached skill level 1 in Transmutations
 18730 | Lair:3   | Reached skill level 1 in Earth Magic
 18806 | Lair:3   | Reached XP level 13. HP: 105/105 MP: 31/32
 18981 | Lair:3   | Got Easy Spellwork
 18991 | Lair:3   | Found a hole to the Spider Nest.
 21543 | Lair:5   | Entered Level 5 of the Lair of Beasts
 21921 | Lair:5   | Reached skill level 5 in Transmutations
 21921 | Lair:5   | Reached skill level 5 in Earth Magic
 22538 | Lair:5   | Reached skill level 1 in Armour
 22753 | Lair:5   | Found a staircase to the Slime Pits.
 23179 | Lair:5   | Reached XP level 14. HP: 100/116 MP: 33/33
 23339 | Lair:5   | Reached skill level 5 in Armour
 25208 | D:13     | Reached skill level 1 in Shields
 25828 | D:13     | Found a gate to the Vaults.
 25900 | D:14     | Found Geiff's General Store.
 25976 | D:14     | Slain by a boulder beetle

Illustrated notes

Levels and vault maps discovered:
D:1:      onia_arrival_mini_maze_b, layout_rooms
D:2:      layout_loops_ring, minmay_misc_feat_tower, minmay_fountain_box,
          uniq_natasha
D:3:      layout_basic, guppyfry_early_orc_mine
D:4:      dreamdust_elfheim, layout_loops_corners,
          nicolae_overflow_hidden_temple, minmay_misc_feat_square,
          nicolae_shop_i_like_big_books, uniq_pikel
D:5:      layout_basic, mainiacjoe_overflow_boulevard
D:6:      layout_loops_ring, serial_shops, nicolae_shop_scrapyard,
          serial_park_tiny_1, uniq_edmund
D:7:      layout_loops_cross, minmay_temple_entry_drinking_statues,
          enter_bailey_2, uniq_duvessa
D:8:      kennysheep_blocky_hall, layout_basic, serial_shops, shop,
          fungi_pond_lemuel
D:9:      layout_stronghold, kennysheep_mini, david_lair_shrubbed, serial_shops,
          shop
D:10:     layout_cave_pods, mainiacjoe_overflow_small_starburst,
          chequers_temple_overflow_minitemple, mainiacjoe_overflow_24_doors,
          orc_0_dummy, serial_shops, nicolae_shop_pleasant_corner_grove
D:11:     layout_basic, uniq_grum, uniq_erica
D:12:     layout_gridville
D:13:     layout_stronghold, david_vaults_4
D:14:     layout_basic, minmay_misc_feat_chi, special_room [special_room_bee],
          serial_shops, shop, shop, shop, shop, nicolae_shop_real_fake_doors,
          elyvilon_altar_1
Lair:1:   layout_misc_corridors, beast_lair_carwin_2, uniq_fannar
Lair:2:   layout_chaotic_city, lemuel_fruit_tree
Lair:3:   layout_roguey, minmay_shoals_entry_centaurs,
          hellmonk_spider_entry_not_the_bees, serial_bayou_pond_a, st_stairs_11
Lair:4:   dragon1_lemuel, layout_regular_city, minivault_25,
          infiniplex_staircase_pool_2, serial_bayou_shore_a, lemuel_fruit_fields
Lair:5:   grunt_lair_end_beastmaster, layout_long_grid,
          minmay_slime_entry_jelly_boxes

Skill      XL: |  1  2  3  4  5  6  7  8  9 10 11 12 13 14 |
---------------+-------------------------------------------+-----
Spellcasting   | 2 3 5 6 8 9 10 | 10.5
Conjurations   | 4 6 7 8 9 10 | 10.0
Translocations | 2 4 6 8 10 | 10.3
Fighting       | 6 7 8 |  8.3
Necromancy     | 8 |  8.4
Transmutations | 1 6 |  6.3
Earth Magic    | 1 6 |  6.3
Armour         | 4 8 |  8.2
Shields        | 2 |  2.8
Dodging        | |  1.7
Stealth        | |  1.7

Action                     |  1- 3 |  4- 6 |  7- 9 | 10-12 | 13-15 || total
---------------------------+-------+-------+-------+-------+-------++-------
  Melee: Dagger            |     9 |     3 |       |       |       ||    12
   Fire: Sling             |       |       |     2 |    91 |    23 ||   116
   Cast: Magic Dart        |    78 |   113 |   172 |     1 |     2 ||   366
         Searing Ray       |     2 |    12 |    65 |     6 |     4 ||    89
         Iskenderun's Myst |       |       |    23 |   333 |   387 ||   743
         Borgnjor's Vile C |       |       |       |     2 |    27 ||    29
         Iron Shot         |       |       |       |       |     1 ||     1
    Use: Potion            |       |       |     1 |     2 |     3 ||     6
         Scroll            |       |       |    15 |     2 |     8 ||    25
 Armour: Robe              |    11 |       |       |       |       ||    11
         Leather armour    |     2 |     5 |    18 |       |       ||    25
         Scale mail        |       |       |     4 |    52 |    40 ||    96
  Dodge: Dodged            |    32 |    15 |    87 |    65 |    45 ||   244
